 Dungeon Crawl Stone Soup version 0.30.1-10-g1249ef9ec4 (webtiles) character file.

Game seed: 9622653088248255902

4239 lonewolfV2 the Nimble (level 10, -1/70 HPs)
             Began as a Demonspawn Fighter on Oct 26, 2023.
             Slain by a vampire (5 damage)
             ... on level 9 of the Dungeon.
             The game lasted 00:09:20 (8435 turns).

lonewolfV2 the Nimble (Demonspawn Fighter)          Turns: 8435, Time: 00:09:21

Health: -1/70      AC: 12    Str: 20    XL:     10   Next: 9%
Magic:  10/10      EV: 21    Int: 11    God:
Gold:   355        SH:  0    Dex: 12    Spells: 9/9 levels left

rFire   . . .        a - +1 war axe
rCold   . . .        (no shield)
rNeg    . . .        j - +1 chain mail
rPois   .            (no helmet)
rElec   .            (no cloak)
rCorr   .            (no gloves)
SInv    .            (no boots)
Will    .....        (no amulet) Stlth
                     g - +5 ring of evasion
HPRegen 0.31/turn    o - +5 ring of evasion
MPRegen 0.12/turn

%: no passive effects
@: no status effects
A: demonic guardian 1, foul stench 2, demonic touch 1
a: no special abilities


You were on level 9 of the Dungeon.
You visited 1 branch of the dungeon, and saw 8 of its levels.

You collected 355 gold pieces.

Inventory:

Hand Weapons
 a - a +1 war axe (weapon)
Armour
 c - a +0 buckler
 j - a +1 chain mail (worn)
Jewellery
 g - a +5 ring of evasion (left hand)
 o - a +5 ring of evasion (right hand)
 s - an amulet of magic regeneration
Wands
 h - a wand of roots (3)
 n - a wand of light (5)
 p - a wand of flame (16)
 u - a wand of charming (2)
 v - a wand of digging (12)
 z - a wand of mindburst (10)
Scrolls
 i - a scroll of enchant armour
 q - 2 scrolls of magic mapping
 t - a scroll of amnesia
 x - 2 scrolls of poison
Potions
 b - 2 potions of brilliance
 d - a potion of might
 e - a potion of attraction {unknown}
 f - 3 potions of degeneration
 k - a potion of berserk rage
 l - a potion of lignification
 m - a potion of mutation
 r - a potion of flight
 w - 2 potions of haste
 A - a potion of magic {unknown}


   Skills:
 - Level 3.0 Fighting
 - Level 1.7 Axes
 + Level 9.7 Armour
 + Level 9.7 Dodging
 - Level 2.6 Shields


You had 9 spell levels left.
You didn't know any spells.
Your spell library contained the following spells:

 Spells                   Type           Power      Damage    Failure   Level
 Apportation              Tloc           0%         N/A       89%         1
 Magic Dart               Conj           0%         1d3       89%         1
 Necrotise                Necr           0%         1d4       89%         1
 Summon Small Mammal      Summ           0%         N/A       89%         1
 Searing Ray              Conj           0%         2d4       96%         2
 Dazzling Flash           Conj/Hex       0%         N/A       99%         3
 Portal Projectile        Hex/Tloc       0%         N/A       99%         3
 Tukima's Dance           Hex            0%         N/A       99%         3
 Volatile Blastmotes      Fire/Tloc      0%         2d10      99%         3
 Fulminant Prism          Conj/Hex       0%         3d5       100%        4
 Iskenderun's Mystic Bla  Conj/Tloc      0%         2d3       100%        4
 Blade Hands              Tmut           0%         N/A       100%        5
 Conjure Ball Lightning   Conj/Air       0%         3x3d6     100%        6
 Starburst                Conj/Fire      0%         6d3       100%        6
 Discord                  Hex            0%         N/A       100%        8
 Disjunction              Tloc           0%         N/A       100%        8


Dungeon Overview and Level Annotations

Branches:
Dungeon (9/15)               Lair (0/5) D:8
 Temple: D:4-7          Orc: D:9-12

Altars:
Cheibriados
Gozag
Kikubaaqudgha
Makhleb
Sif Muna
Trog
Vehumet
Xom
Yredelemnul

Shops:
D:3 [   D:4 *


Innate Abilities, Weirdness & Mutations

A weak demonic guardian rushes to your aid.
You sometimes emit foul miasma when damaged in melee.
Your touch may inflict minor irresistible damage on your foes.


Message History

Your shadow imp closely misses the vampire.
You barely miss the vampire. Your touch misses the vampire.
The vampire is moderately damaged.
The vampire closely misses you. The vampire completely misses you.
Your shadow imp hits the vampire.
You barely miss the vampire.
The vampire is moderately damaged.
The vampire completely misses you.
The vampire bites you but does no damage.
Your shadow imp hits the vampire.
The vampire hits you but does no damage.
The vampire closely misses you.
You barely miss the vampire.
You touch the vampire!
You punch the vampire, but do no damage.
The vampire is severely damaged.
Your shadow imp disappears in a puff of smoke!
The vampire hits you.
You emit a cloud of foul miasma!
The vampire bites you.
The vampire draws strength from your injuries!
You slash the vampire! Your touch misses the vampire.
The vampire is almost destroyed.
The vampire draws life force from you!
The vampire is healed by the life force!
You hit the vampire but do no damage.
The vampire is severely damaged.
The vampire misses you. The vampire closely misses you.
The vampire draws life force from you!
* * * LOW HITPOINT WARNING * * *
The vampire is healed by the life force!
You hit the vampire.
You touch the vampire!
The vampire is almost destroyed.
The vampire hits you.
* * * LOW HITPOINT WARNING * * *
A demonic guardian appears!
The vampire misses you.
You hit the vampire.
The vampire is almost destroyed.
The vampire misses you. The vampire bites you.
* * * LOW HITPOINT WARNING * * *
The vampire draws strength from your injuries!
The vampire misses you. The vampire bites you.
You die...

.........
........#
........#
........# .
........# ..
.....5..#+###...
.......V).......
.......@.)......
.......)<.......
................
.......######...
....... ..
.###### .


You could see a vampire (ally target) and a friendly iron imp (summoned).

Vanquished Creatures
  A manticore (D:8)
  3 polar bears (D:8)
  2 hornets
  2 wyverns (D:8)
  2 steam dragons
  2 water moccasins
  5 ice beasts
  2 orc warriors (D:7)
  A centaur (D:7)
  A kobold brigand (D:9)
  3 bullfrogs (D:8)
  A gnoll sergeant (D:7)
  A scorpion (D:5)
  5 killer bees (D:8)
  3 orc priests (D:7)
  4 hounds
  3 jellies
  Jessica (D:3)
  An iguana (D:4)
  5 orc wizards
  8 gnolls
  5 adders
  A shadow imp (D:7)
  An ufetubus (D:7)
  A dart slug (D:1)
  22 orcs
  9 endoplasms
  2 giant cockroaches (D:1)
  13 goblins
  5 hobgoblins
  3 jackals (D:1)
  12 kobolds
  3 quokkas (D:1)
  8 ball pythons
  A bat (D:1)
  5 frilled lizards
  2 rats
149 creatures vanquished.

Vanquished Creatures (collateral kills)
  A frilled lizard (D:4)
1 creature vanquished.

Vanquished Creatures (others)
  A rime drake (D:8)
  An orc wizard (D:7)
2 creatures vanquished.

Grand Total: 152 creatures vanquished

Notes
Turn   | Place    | Note
-------+----------+-------------------------------------------
     0 | D:1      | lonewolfV2 the Demonspawn Fighter began the quest for the
                  | Orb.
     0 | D:1      | Reached XP level 1. HP: 18/18 MP: 1/1
    87 | D:1      | Reached skill level 1 in Dodging
   127 | D:1      | Gained mutation: You may rarely emit foul miasma when
                  | damaged in melee. [demonic ancestry]
   127 | D:1      | Reached XP level 2. HP: 24/24 MP: 2/2
   328 | D:1      | Gained mutation: A weak demonic guardian rushes to your
                  | aid. [demonic ancestry]
   328 | D:1      | Reached XP level 3. HP: 23/29 MP: 3/3
  1222 | D:2      | Found a basalt altar of Yredelemnul.
  1986 | D:3      | Found Gium's Armour Shop.
  2216 | D:3      | Found a faded altar of an unknown god.
  2506 | D:3      | Noticed Jessica
  2514 | D:3      | Killed Jessica
  2515 | D:3      | Reached XP level 4. HP: 9/35 MP: 4/4
  2953 | D:4      | Gained mutation: Your touch may inflict minor irresistible
                  | damage on your foes. [demonic ancestry]
  2953 | D:4      | Reached XP level 5. HP: 34/41 MP: 5/5
  2999 | D:4      | Found a radiant altar of Vehumet.
  3086 | D:4      | Found Exkouxt's General Store.
  3447 | D:4      | Gained mutation: You sometimes emit foul miasma when
                  | damaged in melee. [demonic ancestry]
  3447 | D:4      | Reached XP level 6. HP: 47/47 MP: 6/6
  3749 | D:5      | Entered Level 5 of the Dungeon
  3814 | D:5      | Noticed a water moccasin
  3828 | D:5      | Killed a water moccasin
  3863 | D:5      | Reached skill level 5 in Dodging
  3895 | D:5      | Reached skill level 5 in Armour
  3895 | D:5      | Reached XP level 7. HP: 43/52 MP: 7/7
  3948 | D:5      | You fall into a shaft and drop 2 floors!
  4347 | D:7      | Noticed a hornet
  4352 | D:7      | Killed a hornet
  4353 | D:7      | Reached XP level 8. HP: 38/58 MP: 8/8
  5012 | D:7      | Identified the +4 ring mail of Happiness {Rampage rPois rF+
                  | rC- Str+4}
  6001 | D:8      | Noticed a hornet
  6006 | D:8      | Killed a hornet
  6051 | D:8      | Noticed a manticore
  6077 | D:8      | Killed a manticore
  6078 | D:8      | Reached XP level 9. HP: 12/63 MP: 9/9
  6078 | D:8      | Noticed a rime drake
  6079 | D:8      | Noticed a polar bear
  6680 | D:8      | Noticed a polar bear
  6689 | D:8      | Noticed a polar bear
  6693 | D:8      | Killed a polar bear
  6695 | D:8      | HP: 2/63 [rime drake/icy flash freeze (21)]
  7205 | D:8      | Killed a polar bear
  7211 | D:8      | Killed a polar bear
  7724 | D:8      | Found a staircase to the Lair.
  7947 | D:8      | Reached XP level 10. HP: 70/70 MP: 10/10
  8098 | D:8      | Found a burning altar of Makhleb.
  8201 | D:8      | Found an ancient bone altar of Kikubaaqudgha.
  8201 | D:8      | Found a shimmering blue altar of Sif Muna.
  8201 | D:8      | Found a bloodstained altar of Trog.
  8202 | D:8      | Found a snail-covered altar of Cheibriados.
  8203 | D:8      | Found a basalt altar of Yredelemnul.
  8204 | D:8      | Found a shimmering altar of Xom.
  8205 | D:8      | Found an opulent altar of Gozag.
  8435 | D:9      | Slain by a vampire

Illustrated notes

Levels and vault maps discovered:
D:1:      wheals_arrival_shading, layout_basic
D:2:      layout_basic, basic_altar
D:3:      kennysheep_six_static_rooms, layout_loops_ring,
          shapermc_ecumenical_altar_mp_ritualfount, serial_shops, shop,
          uniq_jessica
D:4:      layout_basic, mainiacjoe_overflow_boulevard, serial_shops, shop,
          serial_glass, glass_columns_b, glass_columns_a, glass_columns_a,
          glass_columns_a, glass_columns_c, glass_columns_b, minmay_lizard_king
D:5:      layout_rooms, minmay_temple_entry_sparse_star
D:7:      layout_basic
D:8:      layout_loops_cross, minitemple, hellmonk_lair_entry_icy
D:9:      layout_irregular_city

Skill      XL: |  1  2  3  4  5  6  7  8  9 |
---------------+----------------------------+-----
Dodging        | 1 2 3 4 5 6 8 9 |  9.7
Armour         | 3 4 5 6 8 9 |  9.7
Fighting       | |  3.0
Axes           | |  1.7
Shields        | |  2.6

Action                     |  1- 3 |  4- 6 |  7- 9 | 10-12 || total
---------------------------+-------+-------+-------+-------++-------
  Melee: War axe           |   121 |   119 |   219 |    47 ||   506
         Touch             |       |    14 |    31 |     9 ||    54
         Punch             |       |     1 |     2 |     2 ||     5
  Evoke: Wand              |       |       |     7 |       ||     7
    Use: Scroll            |     6 |     4 |     6 |     2 ||    18
         Potion            |       |     1 |     3 |       ||     4
 Armour: Scale mail        |    28 |       |       |       ||    28
         Chain mail        |    23 |    55 |   109 |    18 ||   205
  Dodge: Dodged            |    49 |   118 |   428 |    77 ||   672
  Block: Buckler           |    44 |    14 |       |       ||    58
